 Dungeon Crawl Stone Soup version 0.28.0-53-g5a82cb258f (webtiles) character file.

Game seed: 11729944925913244624

6 Sin92 the Firebug (level 1, 0/13 HPs)
             Began as a Demonspawn Fire Elementalist on July 5, 2022.
             Slain by a kobold
             ... wielding a +0 club
              (4 damage)
             ... on level 1 of the Dungeon.
             The game lasted 00:01:05 (722 turns).

Sin92 the Firebug (Demonspawn Fire Elementalist)     Turns: 722, Time: 00:01:06

Health: 0/13       AC:  2    Str:  8    XL:     1   Next: 75%
Magic:  1/3        EV: 12    Int: 16    God:
Gold:   23         SH:  0    Dex: 13    Spells: 3/4 levels left

rFire   . . .      SeeInvis .   (no weapon)
rCold   . . .      Faith    .   (no shield)
rNeg    . . .      Spirit   .   a - +0 robe
rPois   .          Reflect  .   (no helmet)
rElec   .          Harm     .   (no cloak)
rCorr   .          Rampage  .   (no gloves)
Will    .....                   (no boots)
Stlth   ++........              (no amulet)
HPRegen 0.04/turn               (no ring)
MPRegen 0.08/turn               (no ring)

@: no status effects
A: no striking features
a: no special abilities


You were on level 1 of the Dungeon.
You visited 1 branch of the dungeon, and saw 1 of its levels.

You collected 23 gold pieces.

Inventory:

Armour
 a - a +0 robe (worn)


   Skills:
 + Level 0.2 Fighting
 + Level 0.2 Armour
 + Level 1.9 Dodging
 - Level 1.7 Stealth
 + Level 2.0 Spellcasting
 + Level 1.1 Conjurations
 + Level 2.7 Fire Magic


You had 3 spell levels left.
You knew the following spells:

 Your Spells              Type           Power      Damage    Failure   Level
a - Foxfire               Conj/Fire      28%        2x1d5     10%         1

Your spell library contained the following spells:

 Spells                   Type           Power      Damage    Failure   Level
 Scorch                   Fire           20%        2d6       10%         2
 Conjure Flame            Conj/Fire      7%         6-21      28%         3
 Inner Flame              Hex/Fire       6%         N/A       34%         3
 Flame Wave               Conj/Fire      7%         2d5       67%         4


Dungeon Overview and Level Annotations

Branches:
Dungeon (1/15)

Altars:


Message History

The bat hits you but does no damage.
A goblin comes into view. It is wielding a +0 club.
The bat closely misses you.
You closely miss the bat. The bat closely misses you.
The bat hits you but does no damage. The bat closely misses you.
You hit the bat.
The bat is heavily wounded.
The goblin shouts!
The bat hits you.
A kobold comes into view. It is wielding a +0 club.
A frilled lizard comes into view.
The bat closely misses you.
You conjure some foxfire!
The bat closely misses you. The bat hits you but does no damage.
The foxfire hits the bat.
You kill the bat!
Your foxfire dissipates!
You conjure some foxfire!
Your foxfire dissipates!
The foxfire hits the goblin.
The goblin is moderately wounded.
You open the door. The goblin hits you with a +0 club.
The goblin hits you with a +0 club.
There is an open door, spattered with blood here.
You conjure some foxfire!
The goblin hits you with a +0 club.
Your foxfire dissipates!
You barely miss the goblin.
The goblin is moderately wounded.
The goblin completely misses you.
You hit the goblin.
The goblin is severely wounded.
The goblin hits you with a +0 club.
You hit the goblin.
You kill the goblin!
You closely miss the kobold. The kobold barely misses you.
You barely miss the kobold. The kobold barely misses you.
You hit the kobold but do no damage. The kobold barely misses you.
You closely miss the kobold. The kobold hits you with a +0 club.
You barely miss the kobold. The kobold hits you with a +0 club.
You die...

#........... #.......... .#
#......... .# #.......# .#
#.......# .###### #######
#.......# .#.....###......
#.....†.# .#.# #..#...####
#.......###.#.####...###...
#.......lK@.#.##.†.###.'.÷.
#.......#####.#..####..#...
#...............####.#.#...
#>.......####..###...#'####
########.# ##.####...#..#..
#.###..##.#......'..
#.##..###.....#..#..
#..#.###.#.#..#'#### ##...#
##..#....#...


You could see a kobold and a frilled lizard.

Vanquished Creatures
  A bat (D:1)
  A goblin (D:1)
  2 hobgoblins (D:1)
  A frilled lizard (D:1)
5 creatures vanquished.

Vanquished Creatures (others)
  7 foxfires (D:1)
7 creatures vanquished.

Grand Total: 12 creatures vanquished

Notes
Turn   | Place    | Note
-------+----------+-------------------------------------------
     0 | D:1      | Sin92 the Demonspawn Fire Elementalist began the quest for
                  | the Orb.
     0 | D:1      | Reached XP level 1. HP: 13/13 MP: 3/3
   722 | D:1      | Slain by a kobold

Illustrated notes

Levels and vault maps discovered:
D:1:      arrival_zaba_pyramid, layout_basic, serial_shops, nicolae_shop_trees,
          basic_ecumenical_altar

Action                   || total
-------------------------++-------
Melee: Unarmed           ||    50
 Cast: Foxfire           ||     6
 Stab: Sleeping          ||     1
Armor: Robe              ||    10
Dodge: Dodged            ||    34
